[Event "*** SCC Grand Prix: Titled Tuesday Blitz"]
[Site "Chess.com"]
[Date "2020.10.13"]
[Round "4"]
[White "A-S-00"]
[Black "TotsukaBlade"]
[Result "1-0"]
[WhiteElo "2274"]
[BlackElo "2396"]
[TimeControl "180+1"]
[EndTime "10:39:33 PDT"]
[Termination "A-S-00 won by resignation"]

1. d4 d5 2. Nf3 Nf6 3. c4 dxc4 4.
a4 a6 5. Nc3 Nc6 6. e3 Bg4 7.
Bxc4 e6 8. O-O Bd6 9. h3 Bh5 10. Qe2 O-O 11. Rd1 Qe7 12. g4 Bg6 13. e4 e5 14. d5 Nd4 15. Qd3 Nxf3+ 16. Qxf3 Nd7 17. Kg2 Bb4 18. d6 Bxd6 19. Nd5 Qd8 20. Ne3 Nc5 21.
Nf5 Bxf5 22. Qxf5 Qe7 23. Bg5 Qd7 24. Qf3 Nxa4 25. Rd2 Nc5 26. h4 Ne6 27. Be3 Qe7 28. g5 Nf4+ 29. Bxf4 exf4 30. Bd5 c6 31. Bb3 Rad8 32.
Rad1 Be5 33. Qg4 Rxd2 34. Rxd2 Rd8 35. Rxd8+ Qxd8 36. Qf5 Qc7 37. h5 h6 38. g6 Qe7 39.
gxf7+ Kf8 40. Qc8+ 1-0

[Event "*** SCC Grand Prix: Titled Tuesday Blitz"]
[Site "Chess.com"]
[Date "2020.10.13"]
[Round "4"]
[White "Falcon28dz"]
[Black "parnali1611"]
[Result "1-0"]
[WhiteElo "2290"]
[BlackElo "2144"]
[TimeControl "180+1"]
[EndTime "10:39:33 PDT"]
[Termination "Falcon28dz won on time"]

1. e4 e5 2. Nf3 Nc6 3. Bc4 Nf6 4.
d3 Bc5 5. O-O O-O 6. Nbd2 d6 7.
c3 Be6 8. Bb5 Bb6 9. h3 Ne7 10.
Re1 Ng6 11. Nf1 Nh5 12. d4 a6 13. Ba4 Qc8 14. Ng5 Nhf4 15. Ng3 Bxh3 16. Nxh3 Nxh3+ 17. gxh3 Qxh3 18. Qf3 exd4 19. Qg2 Qe6 20. Nf5 dxc3 21. bxc3 Qe5 22. Bb3 Qxc3 23. Bg5 Rae8 24. Rac1 Qb2 25.
Rc2 Qe5 26. Bc1 Ba5 27. Bb2 Qf4 28. Ree2 Bb6 29. Nxg7 Re5 30. Nf5 Rxf5 31. exf5 Qxf5 32. Bc4 d5 33. Bxd5 Rd8 34. Be4 Rd1+ 35. Kh2 1-0

[Event "*** SCC Grand Prix: Titled Tuesday Blitz"]
[Site "Chess.com"]
[Date "2020.10.13"]
[Round "4"]
[White "Harsha_Bharathakoti"]
[Black "PSvidler"]
[Result "1/2-1/2"]
[WhiteElo "2762"]
[BlackElo "2902"]
[TimeControl "180+1"]
[EndTime "10:39:34 PDT"]
[Termination "Game drawn by agreement"]

1. d4 d6 2. e4 Nf6 3. Nc3 g6 4.
Nf3 Bg7 5. h3 O-O 6. Be2 a6 7.
a4 b6 8. O-O e6 9. e5 dxe5 10.
Nxe5 Bb7 11. Bf3 Qc8 12. Qe2 c5 13. dxc5 bxc5 14. Be3 Nbd7 15. Nc4 Nd5 16. Nxd5 Bxd5 17. Rfd1 Bxc4 18. Qxc4 Ne5 19. Qe4 Nxf3+ 20. Qxf3 Bxb2 21.
Rab1 Bg7 22. Rb6 Rb8 23. Rc6 Qb7 24. Rxc5 Qb4 25. Qc6 h5 26. Qxa6 Ra8 27. Qb5 Rxa4 28.
Qxb4 Rxb4 29. Rc7 Rbb8 30. g3 Rbc8 31. Rdd7 Be5 32. Rxc8 Rxc8 33. Rd2 Kg7 34. Kg2 Rc3 35. h4 Kf6 36. Bg5+ Kf5 37. Re2 f6 38. Bc1 Bd6 39. Bb2 Rc4 40. Rd2 Bb4 41. Rd4 Rxd4 42. Bxd4 e5 43.
Be3 Ke4 44. Bh6 Kd5 45. Kf3 f5 46. Ke2 Bc5 47. Be3 Bd6 48. Bd2 e4 49. Be3 1/2-1/2

[Event "*** SCC Grand Prix: Titled Tuesday Blitz"]
[Site "Chess.com"]
[Date "2020.10.13"]
[Round "4"]
[White "RoelandPruijssers"]
[Black "NewBornNow"]
[Result "0-1"]
[WhiteElo "2490"]
[BlackElo "2641"]
[TimeControl "180+1"]
[EndTime "10:39:34 PDT"]
[Termination "NewBornNow won by checkmate"]

1. e4 c5 2. Nf3 d6 3. d4 cxd4 4. Nxd4 Nf6 5. Nc3 Nc6 6. f3 e5 7. Nb3 Be7 8. Be3 O-O 9. Qd2 a5 10. Bb5 Be6 11. O-O-O Qb8 12. g4 a4 13. Nxa4 Rxa4 14.
Bxa4 b5 15. Bxb5 Qxb5 16. Kb1 Ra8 17. Nc1 Bxa2+ 18. Nxa2 Qa4 19. Qc3 Qxa2+ 20. Kc1 Qa6 21. g5 Nd7 22. Rhg1 d5 23. Qb3 d4 24. Bf2 Bb4 25.
c3 Nc5 26. Qd5 Nd3+ 27. Kc2 Nxf2 28. Ra1 Ba5 29. g6 hxg6 30. Rxg6 Qe2+ 31. Kb3 Rb8+ 32.
Ka4 Qc2+ 33. b3 Qxc3 34. Rxg7+ Kxg7 35. Rg1+ Kh8 36. Qd6 Qxb3# 0-1

[Event "*** SCC Grand Prix: Titled Tuesday Blitz"]
[Site "Chess.com"]
[Date "2020.10.13"]
[Round "4"]
[White "Artem_Sadovsky"]
[Black "LubovMarkelova"]
[Result "0-1"]
[WhiteElo "2493"]
[BlackElo "2249"]
[TimeControl "180+1"]
[EndTime "10:39:34 PDT"]
[Termination "LubovMarkelova won by resignation"]

1. Nf3 d5 2. c4 c6 3. b3 Nf6 4. Bb2 Bf5 5. e3 e6 6. Be2 h6 7. O-O Nbd7 8. Nc3 Be7 9. d3 O-O 10. Qc2 a5 11. Rad1 Qb6 12. Qc1 Rfd8 13. Qa1 Bh7 14.
Rfe1 Qc7 15. Rc1 dxc4 16. bxc4 Nc5 17. d4 Nce4 18. Nxe4 Nxe4 19. d5 Bf6 20. dxe6 fxe6 21. Bxf6 Nxf6 22. Ne5 Rd2 23. Bf3 Rad8 24. Qc3 Rxa2 25.
c5 Rdd2 26. Rf1 Ne4 27. Bxe4 Bxe4 28. Nc4 Re2 29. Qd4 Bd5 30. Nd6 Qe7 31. Qf4 Qg5 32.
Qxg5 hxg5 33. Nxb7 a4 34. Ra1 a3 35. Rxa2 Rxa2 36. Na5 Rb2 0-1

[Event "*** SCC Grand Prix: Titled Tuesday Blitz"]
[Site "Chess.com"]
[Date "2020.10.13"]
[Round "4"]
[White "Pavalamalli"]
[Black "Caterpiller35"]
[Result "0-1"]
[WhiteElo "2292"]
[BlackElo "2458"]
[TimeControl "180+1"]
[EndTime "10:39:34 PDT"]
[Termination "Caterpiller35 won by resignation"]

1. e4 d5 2. exd5 Nf6 3. Nc3 Nxd5 4. Nf3 Nxc3 5. bxc3 g6 6. Be2 Bg7 7. O-O O-O 8. Rb1 b6 9. d4 Bb7 10. Bf4 Nd7 11. Re1 e6 12. c4 Re8 13. Bf1 c5 14. d5 exd5 15. Rxe8+ Qxe8 16. cxd5 Qe4 17. Qc1 Bxd5 18. Bd3 Qa4 19. Bh6 Qg4 20. Ne1 Re8 21. Be3 Ne5 22. Bf1 Nc4 23. Bh6 Bd4 24. c3 Bf6 25.
Qc2 Be4 26. Bd3 Na3 27. Qa4 Rd8 28. Qxa3 Bxd3 29. Nxd3 Rxd3 30. f3 Qd4+ 31. cxd4 Bxd4+ 32. Kf1 Rxa3 33. Re1 f5 34. Re7 Rxa2 35. g4 Rf2+ 36. Ke1 Rxf3 37. g5 Re3+ 38. Rxe3 Bxe3 39. Ke2 Bd4 40.
Kd3 b5 41. h3 Kf7 42. h4 a5 43.
h5 a4 44. hxg6+ hxg6 45. Kc2 b4 46. Kd3 b3 47. Kc4 b2 0-1

[Event "*** SCC Grand Prix: Titled Tuesday Blitz"]
[Site "Chess.com"]
[Date "2020.10.13"]
[Round "4"]
[White "BeanScreen"]
[Black "nochewycandy"]
[Result "1-0"]
[WhiteElo "2733"]
[BlackElo "2552"]
[TimeControl "180+1"]
[EndTime "10:39:36 PDT"]
[Termination "BeanScreen won by resignation"]

1. e4 Nf6 2. e5 Nd5 3. d4 d6 4. Nf3 dxe5 5. Nxe5 c6 6. Bc4 Bf5 7.
O-O Nd7 8. Nf3 e6 9. c3 Be7 10. Re1 O-O 11. Nbd2 c5 12. Bxd5 exd5 13. dxc5 Nxc5 14.
Nb3 Nd3 15. Re3 Nxc1 16. Rxc1 Bg4 17. Rd3 Qb6 18. h3 Be6 19. Qd2 Rad8 20. Nbd4 Bf6 21. Re1 Rfe8 22. Rde3 Bd7 23. Rxe8+ Rxe8 24. Rxe8+ Bxe8 25. Qe3 Kf8 26. Ng5 Bxg5 27. Qxg5 g6 28. b4 Qd6 29. h4 Bd7 30. h5 Qe7 31. Qf4 g5 32.
Qb8+ Kg7 33. Qc7 Kf6 34. Nf3 h6 35. Qxb7 Bg4 36. Qxe7+ Kxe7 37. Nd4 Bxh5 38. Nc6+ Kd6 39. Nxa7 Be2 40. a4 Kc7 41. Nb5+ Kc6 42. Nd4+ Kd6 43.
Nxe2 1-0

[Event "*** SCC Grand Prix: Titled Tuesday Blitz"]
[Site "Chess.com"]
[Date "2020.10.13"]
[Round "4"]
[White "ENajer77"]
[Black "FloMasterAAK"]
[Result "0-1"]
[WhiteElo "2692"]
[BlackElo "2550"]
[TimeControl "180+1"]
[EndTime "10:39:36 PDT"]
[Termination "FloMasterAAK won on time"]

1. e4 e5 2. Nf3 Nc6 3. Bb5 a6 4. Ba4 Nf6 5. O-O Bc5 6. c3 d6 7. d4 exd4 8. cxd4 Ba7 9. d5 b5 10.
dxc6 bxa4 11. Qxa4 Bg4 12. Nd4 O-O 13. Nc3 Qe8 14. f3 Qe5 15. Be3 d5 16. Rae1 Bc8 17. exd5 Nxd5 18. Bf2 Qd6 19. Ne4 Qg6 20. Kh1 Nf4 21.
Bg3 Nh5 22. Bxc7 a5 23. Bd6 Re8 24. c7 Ba6 25. Nb5 f5 26. Nec3 Rxe1 27. Rxe1 Re8 28. Rxe8+ Qxe8 29. Qc4+ Kh8 30. Qe2 Qc6 31. Qe7 Nf6 32.
Qd8+ Ng8 33. a4 Qb6 0-1

[Event "*** SCC Grand Prix: Titled Tuesday Blitz"]
[Site "Chess.com"]
[Date "2020.10.13"]
[Round "4"]
[White "tornikesanikidze"]
[Black "karinachess1"]
[Result "1-0"]
[WhiteElo "2670"]
[BlackElo "2508"]
[TimeControl "180+1"]
[EndTime "10:39:37 PDT"]
[Termination "tornikesanikidze won by checkmate"]

1. d4 Nf6 2. c4 e6 3. Nf3 d5 4.
Nc3 Be7 5. Bg5 O-O 6. e3 h6 7. Bxf6 Bxf6 8. Qd2 c5 9. cxd5 cxd4 10. Nxd4 exd5 11. Bb5 a6 12. Ba4 Qd6 13. Rc1 Nc6 14. Nxc6 bxc6 15. Ne4 Qe7 16. Nxf6+ Qxf6 17. Rxc6 Qg5 18.
f4 Qh4+ 19. g3 Qe7 20. O-O Bd7 21. Rc7 Rad8 22. Qd4 Qd6 23. Rxd7 Rxd7 24. Bxd7 Qxd7 25. e4 Rd8 26. Rd1 h5 27. exd5 h4 28. d6 Qg4 29. Rd3 Qe2 30. Rd2 Qe1+ 31. Kg2 Qe6 32. d7 h3+ 33. Kf2 Qc6 34. Qd5 Qb6+ 35. Kf3 Qf6 36.
b4 g6 37. a4 Qc3+ 38. Kg4 Qxb4 39. Re2 Qb6 40. Re8+ Kg7 41. Qe5+ f6 42. Qe7+ Kh6 43. Qf8+ Kh7 44. Qh8# 1-0

[Event "*** SCC Grand Prix: Titled Tuesday Blitz"]
[Site "Chess.com"]
[Date "2020.10.13"]
[Round "4"]
[White "QuintilianoR"]
[Black "Omk124"]
[Result "1-0"]
[WhiteElo "2631"]
[BlackElo "2474"]
[TimeControl "180+1"]
[EndTime "10:39:37 PDT"]
[Termination "QuintilianoR won by resignation"]

1. Nf3 Nf6 2. c4 g6 3. Nc3 Bg7 4. d4 O-O 5. Bg5 d6 6. e3 Nbd7 7. Qc2 e5 8. Be2 c6 9. O-O h6 10. Bh4 Qe7 11. Rac1 g5 12. Bg3 Nh5 13. Rfd1 Nxg3 14.
hxg3 f5 15. b4 f4 16. c5 fxe3 17. fxe3 exd4 18. exd4 dxc5 19. bxc5 Nf6 20. Bc4+ Kh8 21. Ne5 Qe8 22. Ng6+ Qxg6 23. Qxg6 Ng4 24. Be6 Rf6 25. Qe8+ Rf8 26. Qe7 Bxe6 27. Qxe6 h5 28. Qg6 Nf6 29. Rf1 Rad8 30. Rcd1 Kg8 31. Rf5 Ng4 32. Rxg5 Rf7 33. Ne4 Rdf8 34. Nd6 Re7 35. Nf5 Rxf5 36. Qxf5 Rf7 37.
Qc8+ Rf8 38. Qe6+ Kh7 39. Rxh5+ Nh6 40. Rd3 Rd8 41. Qe4+ Kh8 42. Rxh6+ Bxh6 43. Qg6 Bg7 44. g4 Bxd4+ 45. Kh1 1-0

[Event "*** SCC Grand Prix: Titled Tuesday Blitz"]
[Site "Chess.com"]
[Date "2020.10.13"]
[Round "4"]
[White "Sergey85Rodchenkov"]
[Black "ClydeHillKid"]
[Result "0-1"]
[WhiteElo "2446"]
[BlackElo "2323"]
[TimeControl "180+1"]
[EndTime "10:39:38 PDT"]
[Termination "ClydeHillKid won by resignation"]

1. e4 e6 2. Nf3 d5 3. exd5 exd5 4. d4 Nf6 5. Bd3 Bd6 6. O-O O-O 7. Re1 Bg4 8. Nbd2 Nc6 9. c3 Qd7 10. Nf1 Rae8 11. Be3 h6 12. Ng3 Ne4 13. h3 Bxh3 14. gxh3 Nxg3 15. fxg3 Qxh3 16. Bf2 Bxg3 17. Bf1 Bxf2+ 18.
Kxf2 Qg4 19. Bg2 Ne7 20. Ne5 Qh4+ 21. Kg1 Nf5 22. Qd2 c6 23. Qf2 Qxf2+ 24. Kxf2 Re7 25. Bh3 Nd6 26. Bg2 Rfe8 27. Nd3 Rxe1 28. Rxe1 Rxe1 29. Kxe1 f6 30. b3 b6 31. Kd2 a5 32. Ke3 Kf7 33.
Bh3 g5 34. Bd7 Ne4 35. c4 Nc3 36. Bxc6 dxc4 37. bxc4 Nxa2 38. c5 bxc5 39. dxc5 Nb4 40. Nxb4 axb4 41. Kd4 Ke7 42. Bd5 Kd7 43. Ke4 h5 44.
Kf5 b3 45. Bxb3 Kc6 46. Kxf6 g4 47. Kg5 g3 48. Bc4 g2 0-1

[Event "*** SCC Grand Prix: Titled Tuesday Blitz"]
[Site "Chess.com"]
[Date "2020.10.13"]
[Round "4"]
[White "xamax2000"]
[Black "emiliocordova"]
[Result "0-1"]
[WhiteElo "2672"]
[BlackElo "2831"]
[TimeControl "180+1"]
[EndTime "10:39:39 PDT"]
[Termination "emiliocordova won by checkmate"]

1. e4 c5 2. Nf3 Nc6 3. d4 cxd4 4. Nxd4 Qb6 5. Nb3 Nf6 6. Nc3 e6 7. a3 a6 8. Bf4 Ne7 9. Qd6 Qxd6 10. Bxd6 Ng6 11. Bxf8 Kxf8 12. O-O-O Ke7 13. Na5 b5 14. f3 h5 15. h4 Ra7 16. g3 Rc7 17.
Rh2 Bb7 18. Rhd2 Ba8 19. Rd6 Bc6 20. Na2 Ne5 21. Be2 Bd5 22. exd5 Kxd6 23. dxe6+ Kxe6 24. Nb4 Nc6 25. Nxa6 Rcc8 26. Nb7 d5 27. Bxb5 Ne5 28. Re1 Ng4 29. fxg4 hxg4 30. Nac5+ Kf6 31. Rf1+ Nf3 32. Be2 Rce8 33. Bxf3 gxf3 34. Rxf3+ Kg6 35. Kd2 Re7 36. Nd6 Rd8 37. Nf5 Re5 38. Nd4 f5 39.
Nd3 Re4 40. c3 Kf6 41. b4 g6 42. b5 Ra8 43. b6 Re7 44. Nc5 Rxa3 45. b7 Ra2+ 46. Kc1 Re1# 0-1

[Event "*** SCC Grand Prix: Titled Tuesday Blitz"]
[Site "Chess.com"]
[Date "2020.10.13"]
[Round "4"]
[White "RobertoJBM"]
[Black "INLOVEWITHF"]
[Result "1-0"]
[WhiteElo "2718"]
[BlackElo "2545"]
[TimeControl "180+1"]
[EndTime "10:39:39 PDT"]
[Termination "RobertoJBM won by resignation"]

1. d4 d5 2. c4 c6 3. Nf3 Nf6 4. Nc3 e6 5. Bg5 dxc4 6. e4 b5 7. e5 h6 8. Bh4 g5 9. Nxg5 hxg5 10. Bxg5 Be7 11. exf6 Bxf6 12. Bxf6 Qxf6 13. g3 Na6 14. Bg2 Bb7 15. Nxb5 O-O-O 16. Nc3 Rxd4 17. Qe2 Qh6 18. h4 Nc5 19. O-O Rxh4 20. gxh4 Qxh4 21. Rfd1 Qh2+ 22.
Kf1 Rg8 23. Qf3 Nd3 24. Rxd3 cxd3 25. Rd1 d2 26. Rxd2 Qe5 27. Ne2 f5 28. Qe3 Qxe3 29. fxe3 e5 30. Kf2 f4 31. exf4 exf4 32. Nxf4 Rf8 33.
Ke3 Re8+ 34. Kd3 Ba6+ 35. Kc2 Kc7 36. Nd3 Kb6 37. b3 c5 38. Nb2 Bc8 39. Nc4+ Kc7 40.
Kb2 Be6 41. Bd5 Bf5 42. Bf3 Be6 43. Be2 Bf7 44. Kc3 Rg8 45. Rd3 Re8 46. Re3 Rxe3+ 47.
Nxe3 Kb6 48. Bc4 Bg6 49. Bd5 Bb1 50. Nc4+ Kc7 51. a3 Ba2 52. Kb2 Bxb3 53. Kxb3 a5 54. Ka4 Kd7 55. Kxa5 1-0

[Event "*** SCC Grand Prix: Titled Tuesday Blitz"]
[Site "Chess.com"]
[Date "2020.10.13"]
[Round "4"]
[White "Jumbo"]
[Black "Savagelittlemole"]
[Result "0-1"]
[WhiteElo "2780"]
[BlackElo "2581"]
[TimeControl "180+1"]
[EndTime "10:39:40 PDT"]
[Termination "Savagelittlemole won on time"]

1. d4 Nf6 2. Bf4 d6 3. Nc3 Nbd7 4. Nf3 c5 5. d5 a6 6. a4 g6 7. e4 Bg7 8. h3 O-O 9. Be2 Re8 10. O-O Nf8 11. e5 dxe5 12. Nxe5 N8d7 13. Re1 Nxe5 14. Bxe5 b6 15. Bf3 Bb7 16. Qd3 Qd7 17.
Rad1 Red8 18. Qe3 b5 19. axb5 axb5 20. Qxc5 Qf5 21. Qxb5 Ba6 22. Qb3 Rac8 23. Rd4 Nd7 24. Bg4 Qg5 25. Bxg7 Kxg7 26. Qa3 Qf6 27. Qxe7 Qxd4 28.
Bxd7 Rb8 29. Be6 Rf8 30. Ne4 Rb7 31. Qd6 Rb6 32. Qc7 Rb7 33. Qa5 fxe6 34. dxe6 Qb6 35.
Qc3+ Kg8 36. Qe5 Re7 0-1

[Event "*** SCC Grand Prix: Titled Tuesday Blitz"]
[Site "Chess.com"]
[Date "2020.10.13"]
[Round "4"]
[White "Malev212"]
[Black "seorobert1971"]
[Result "0-1"]
[WhiteElo "2543"]
[BlackElo "2724"]
[TimeControl "180+1"]
[EndTime "10:39:40 PDT"]
[Termination "seorobert1971 won on time"]

1. e4 c6 2. d4 d5 3. exd5 cxd5 4.
Bd3 Nc6 5. c3 e6 6. Nf3 Bd6 7.
O-O Qc7 8. c4 dxc4 9. Bxc4 Nf6 10. Nc3 O-O 11. Bg5 Be7 12. Rc1 Qd8 13. Re1 Bd7 14. a3 h6 15. Bf4 Rc8 16. Ba2 Re8 17. Qd3 Bf8 18. Rcd1 Ne7 19. Bb1 Bc6 20. Ne5 g6 21. Qh3 g5 22. Bg3 Ned5 23. f4 Nxc3 24.
bxc3 Qd5 25. fxg5 hxg5 26. Ng4 Bg7 27. Nxf6+ Bxf6 28. Qh7+ Kf8 29. Be4 Qd7 30. Bxc6 Rxc6 31. Rf1 Bg7 32. Rd3 f5 33. d5 Rc5 34. c4 Rxc4 35. Kh1 f4 36. Be1 exd5 37. h4 Rce4 38.
Bb4+ Kf7 39. hxg5 Rh8 40. g6+ Ke6 0-1

[Event "*** SCC Grand Prix: Titled Tuesday Blitz"]
[Site "Chess.com"]
[Date "2020.10.13"]
[Round "4"]
[White "ExcitingTrap"]
[Black "maximnovik"]
[Result "0-1"]
[WhiteElo "2296"]
[BlackElo "2541"]
[TimeControl "180+1"]
[EndTime "10:39:40 PDT"]
[Termination "maximnovik won by resignation"]

1. e4 c6 2. d4 d5 3. e5 Bf5 4. h4 h6 5. g4 Bd7 6. Bd3 c5 7. c3 Nc6 8. Be3 Qb6 9. f3 Qxb2 10.
Qb3 Qxa1 11. dxc5 Nxe5 12. Bc2 Nf6 13. Bc1 Nc4 14. Ne2 e6 15. O-O Bxc5+ 16. Kg2 b5 17. Nf4 Na5 18. Qb2 Qxb2 19. Bxb2 Nc4 20. Bc1 g5 21. hxg5 hxg5 22. Nh3 Be3 23. Nxg5 Bxc1 24.
Rxc1 Bc6 25. Bd3 Ke7 26. Kg3 Rag8 27. Nh3 Ne5 28. Be2 Nh5+ 29. Kg2 Nf6 30. Kg3 Ng6 31. Nd2 e5 32. Nb3 e4 33. f4 Nh4 34. Nd4 Bd7 35. Ng5 Ng6 36. f5 Ne5 37. Nh3 Nexg4 38. Nf4 Ne5+ 39.
Kf2 Rh2+ 40. Ke1 Rg1+ 41. Kd2 Rxc1 42. Kxc1 a5 0-1

[Event "*** SCC Grand Prix: Titled Tuesday Blitz"]
[Site "Chess.com"]
[Date "2020.10.13"]
[Round "4"]
[White "cholzan"]
[Black "monalize"]
[Result "0-1"]
[WhiteElo "2432"]
[BlackElo "2306"]
[TimeControl "180+1"]
[EndTime "10:39:40 PDT"]
[Termination "monalize won by checkmate"]

1. d4 d5 2. c4 dxc4 3. e4 Nf6 4. e5 Nd5 5. Bxc4 Nb6 6. Bb3 Nc6 7. Nf3 Bg4 8. Be3 e6 9. Nc3 Be7 10. Qd2 Na5 11. Qe2 Nxb3 12. axb3 O-O 13. h3 Bh5 14. g4 Bg6 15. h4 h6 16. h5 Bh7 17. g5 hxg5 18. h6 Bf5 19. hxg7 Kxg7 20.
Nxg5 Rh8 21. O-O-O Bg6 22. Nge4 Nd5 23. Rxh8 Qxh8 24.
Nxd5 exd5 25. Nf6 Qh3 26. Ng4 Rh8 27. e6 fxe6 28. Bf4 Bf5 29. Be5+ Kf7 30. Ne3 Rg8 31. b4 Bg5 32. b3 Bxe3+ 33. Qxe3 Qxe3+ 34. fxe3 Rg2 35. Rh1 Rc2+ 36. Kd1 Rb2 37. Rh8 Kg6 38. Rg8+ Kh5 39.
Rg7 Rxb3 40. Rxc7 Rxb4 41. Kd2 Kg4 42. Kc3 Rb1 43. Rg7+ Kf3 44. Rg3+ Kf2 45. Rg7 a5 46. Bd6 b5 47. Ra7 a4 48. Kd2 Rb2+ 49. Kc1 Rb3 50. Bf4 Ke2 51. Bg5 Rb1# 0-1

[Event "*** SCC Grand Prix: Titled Tuesday Blitz"]
[Site "Chess.com"]
[Date "2020.10.13"]
[Round "4"]
[White "Matveev_Vladimir"]
[Black "parintele_chess"]
[Result "1-0"]
[WhiteElo "2677"]
[BlackElo "2133"]
[TimeControl "180+1"]
[EndTime "10:39:40 PDT"]
[Termination "Matveev_Vladimir won by resignation"]

1. d4 Nf6 2. c4 g6 3. Nc3 Bg7 4.
e4 d6 5. Be2 O-O 6. Nf3 e5 7.
O-O Nc6 8. d5 Ne7 9. b4 Nd7 10.
Nd2 f5 11. c5 f4 12. Nc4 Nf6 13. a4 g5 14. h3 Ng6 15. Ba3 Nh4 16. f3 Qd7 17. b5 Nxg2 18. Rf2 Ne3 19. Nxe3 fxe3 20. Rh2 Nh5 21. Qd3 Nf4 22. Qxe3 Nxh3+ 23. Kh1 Nf4 24. Rg1 h6 25. Bc4 b6 26. c6 Qf7 27. a5 Ng6 28. Be2 Qf4 29. Qd3 g4 30. Bc1 Qf6 31.
Bxh6 gxf3 32. Bxg7 Kxg7 33. Bd1 f2 34. Rf1 Nf4 35.
Qg3+ Qg6 36. Qxf2 Nh5 37. Qxf8+ 1-0

[Event "*** SCC Grand Prix: Titled Tuesday Blitz"]
[Site "Chess.com"]
[Date "2020.10.13"]
[Round "4"]
[White "amintabatabaei"]
[Black "Gloomy_Wanderer"]
[Result "1-0"]
[WhiteElo "2911"]
[BlackElo "2756"]
[TimeControl "180+1"]
[EndTime "10:39:41 PDT"]
[Termination "amintabatabaei won by resignation"]

1. e4 c5 2. Nf3 a6 3. c4 Nc6 4. d4 cxd4 5. Nxd4 e5 6. Nf5 d6 7. Ne3 g6 8. Nd5 Bh6 9. Bxh6 Nxh6 10. Qd2 Ng4 11. Be2 Nf6 12. Nbc3 Nd4 13. O-O Be6 14. Ne3 O-O 15. Nc2 Nc6 16. Rfd1 Qb6 17. Na4 Qa7 18. Nc3 Qb6 19. b3 Rfd8 20. Qe3 Qxe3 21. Nxe3 Nd4 22. Rd2 Rac8 23. f3 b5 24. Bf1 Kf8 25. Rad1 Ke7 26. Kf2 bxc4 27. Bxc4 Bxc4 28. Nxc4 Ke6 29. Ne2 Nxe2 30. Kxe2 Rc6 31. Ne3 Rc5 32. g4 h6 33.
h4 a5 34. Kf2 a4 35. b4 Rc3 36.
Rd3 Rxd3 37. Rxd3 Rc8 38. Ra3 Ra8 39. b5 Nd7 40. Nd5 Rb8 41. Rxa4 Nb6 42. Nxb6 Rxb6 43. Rb4 d5 44. a4 1-0

[Event "*** SCC Grand Prix: Titled Tuesday Blitz"]
[Site "Chess.com"]
[Date "2020.10.13"]
[Round "4"]
[White "Natalya_Buksa"]
[Black "Shubinkirill2003"]
[Result "1-0"]
[WhiteElo "2522"]
[BlackElo "2643"]
[TimeControl "180+1"]
[EndTime "10:39:43 PDT"]
[Termination "Natalya_Buksa won on time"]

1. d4 e6 2. e4 d5 3. Nd2 Nc6 4. Ngf3 Nf6 5. e5 Nd7 6. Bb5 f6 7. exf6 Qxf6 8. Nb3 Bd6 9. Qe2 O-O 10. Bg5 Qf7 11.
O-O-O a6 12. Bxc6 bxc6 13. Be3 a5 14. Kb1 Ba6 15. Qd2 a4 16. Nc1 Rfb8 17. Ka1 Nf6 18.
Ng5 Qg6 19. f3 Bb4 20. Qf2 c5 21. Nxe6 a3 22. b3 Re8 23. Nf4 Qf7 24. Ncd3 Bc3+ 25. Kb1 Bxd3 26. Rxd3 Bb4 27. dxc5 c6 28. Bd4 Nd7 29.
g3 Ra5 30. Rhd1 Bxc5 31. Bxc5 Nxc5 32. Re3 Rb8 33. Qd2 Ra7 34. Qd4 Nd7 35. Qxa7 Qf6 36. Qd4 Qf7 37. Qc3 Nb6 38. Rde1 Qf8 39. Re7 Nc4 40. Nh5 1-0

[Event "*** SCC Grand Prix: Titled Tuesday Blitz"]
[Site "Chess.com"]
[Date "2020.10.13"]
[Round "4"]
[White "AndreyNeves"]
[Black "boasovietica"]
[Result "1-0"]
[WhiteElo "2272"]
[BlackElo "2408"]
[TimeControl "180+1"]
[EndTime "10:39:43 PDT"]
[Termination "AndreyNeves won by resignation"]

1. d4 Nf6 2. c4 g6 3. g3 Bg7 4. Bg2 O-O 5. Nf3 c5 6. d5 e6 7. Nc3 exd5 8. cxd5 d6 9. O-O a6 10. a4 Nbd7 11. Nd2 Re8 12. Nc4 Ne5 13. Ne3 Rb8 14. a5 Bd7 15. h3 Bb5 16. f4 Nc4 17. Nxc4 Bxc4 18. Re1 b5 19. axb6 Qxb6 20. e4 Rb7 21.
Kh2 Rbe7 22. g4 h5 23. g5 Nd7 24. Qf3 Bxc3 25. bxc3 Bxd5 26. Qd3 Bb7 27. Rb1 Qc6 28.
c4 Qc7 29. Bb2 f6 30. gxf6 Rf7 31. e5 Bxg2 32. Kxg2 dxe5 33. fxe5 Nxe5 34. Bxe5 Rxe5 35. Qxg6+ Kf8 36. Rxe5 Qxe5 37. Rf1 Qe2+ 38. Rf2 Qe5 39. Qf5 Qxf5 40. Rxf5 Rc7 41. Rxh5 a5 42. Rh8+ Kf7 43. Rh7+ 1-0

[Event "*** SCC Grand Prix: Titled Tuesday Blitz"]
[Site "Chess.com"]
[Date "2020.10.13"]
[Round "4"]
[White "margarita_2703"]
[Black "tylityli"]
[Result "0-1"]
[WhiteElo "2385"]
[BlackElo "2218"]
[TimeControl "180+1"]
[EndTime "10:39:43 PDT"]
[Termination "tylityli won by resignation"]

1. Nf3 Nf6 2. c4 c5 3. Nc3 d5 4. d4 cxd4 5. Nxd4 e5 6. Nf3 d4 7. Nb1 Nc6 8. e3 Bb4+ 9. Bd2 dxe3 10. fxe3 O-O 11. Bxb4 Nxb4 12. a3 Nc6 13. Qxd8 Rxd8 14.
Nc3 a5 15. Be2 e4 16. Nd2 Bf5 17. Rf1 Bg6 18. O-O-O Ne5 19. Nb3 a4 20. Nd4 Rdc8 21. Nf5 Kf8 22. Nd6 Rc6 23. Rd4 Nfg4 24. Kd2 Nxh2 25.
Rf4 h5 26. Ndxe4 Bxe4 27. Rdxe4 Nhg4 28. Nd5 Rd8 29. Rf5 g6 30. Rff4 Nxc4+ 31. Rxc4 Rxd5+ 32. Rcd4 Rdc5 33. Rxa4 Rc2+ 34. Ke1 Nxe3 35. Rae4 Nxg2+ 36. Kf2 Nxf4 37. Rxf4 Kg7 38. Kf3 Rf6 39. Rxf6 Kxf6 40.
b4 Rc3+ 0-1

[Event "*** SCC Grand Prix: Titled Tuesday Blitz"]
[Site "Chess.com"]
[Date "2020.10.13"]
[Round "4"]
[White "Ariadna_Atreides"]
[Black "UmarovSabir"]
[Result "0-1"]
[WhiteElo "2028"]
[BlackElo "2373"]
[TimeControl "180+1"]
[EndTime "10:39:43 PDT"]
[Termination "UmarovSabir won by resignation"]

1. d4 g6 2. Nf3 Bg7 3. c3 d5 4. Bf4 Nf6 5. h3 O-O 6. e3 Ne4 7. Nbd2 f5 8. Bd3 c5 9. Ne5 c4 10. Bc2 Nc6 11. h4 Nxe5 12. Bxe5 Bxe5 13. dxe5 Qc7 14. Nf3 Qb6 15. Qc1 f4 16. Bxe4 dxe4 17. Ng5 f3 18. gxf3 exf3 19. h5 h6 20. Ne4 g5 21.
Ng3 Bf5 22. Nxf5 Rxf5 23. Qc2 Rxe5 24. O-O-O Re6 25. Rd4 Rd6 26. Rhd1 Rad8 27. Qf5 Rxd4 28. exd4 Qf6 29. Qxf6 exf6 30. Re1 Kf7 31. Re3 g4 32. Re4 f5 33. Re5 Kf6 34. Kd2 Rd6 35. Rc5 Re6 36. Rxc4 Re2+ 37. Kd3 Rxf2 38. Rc7 Rxb2 39. Rh7 f2 40. Rxh6+ Kg5 41. Rg6+ Kxh5 0-1

[Event "*** SCC Grand Prix: Titled Tuesday Blitz"]
[Site "Chess.com"]
[Date "2020.10.13"]
[Round "4"]
[White "Supernotar"]
[Black "WPWPWP-2015"]
[Result "1-0"]
[WhiteElo "2841"]
[BlackElo "2497"]
[TimeControl "180+1"]
[EndTime "10:39:44 PDT"]
[Termination "Supernotar won by resignation"]

1. d4 Nf6 2. c4 c6 3. Nf3 d5 4. e3 Bf5 5. Bd3 Bg6 6. O-O e6 7. b3 Nbd7 8. Bb2 Bd6 9. Nc3 O-O 10. Qe2 Re8 11. e4 e5 12. cxd5 exd4 13. dxc6 dxc3 14. cxd7 Qxd7 15. Bxc3 Nxe4 16. Bxe4 Bxe4 17. Rfe1 Bc6 18. Qd2 Qc7 19. Qd4 f6 20. Bb4 Bxb4 21. Qxb4 Bxf3 22. gxf3 Qc6 23. Kg2 h5 24. h4 Rac8 25. Rac1 Qd5 26. Rxe8+ Rxe8 27. Qf4 Re5 28. Rc8+ Kh7 29. Rc7 Rf5 30. Qg3 Qg8 31. Rxb7 a5 32. Qc7 Re5 33.
Qc2+ Kh8 34. Rc7 Re8 35. Qg6 Re5 36. f4 Rd5 37. Re7 Rd8 38. Qxh5+ Qh7 39. Re8+ Rxe8 40.
Qxe8+ Qg8 41. Qxg8+ Kxg8 42. a3 Kf7 43. b4 axb4 44. axb4 f5 45. Kf3 Ke6 46. Ke3 Kd5 47. Kd3 g6 48. Kc3 Ke4 49. b5 Kd5 50. Kb4 Kd6 51. Kc4 Kc7 52. Kd5 1-0